 Dungeon Crawl Stone Soup version 0.30.0-10-gfe55d96785 (webtiles) character file.

Game seed: 7624675902403771429

45 qeuew the Trooper (level 3, -2/60 HPs)
             Began as an Ogre Berserker on May 15, 2023.
             Was a Follower of Trog.
             Slain by a gnoll
             ... wielding a +0 spear
              (6 damage)
             ... on level 2 of the Dungeon.
             The game lasted 00:01:27 (1118 turns).

qeuew the Trooper (Ogre Berserker)                  Turns: 1118, Time: 00:01:28

Health: -2/60      AC:  4    Str: 21    XL:     3   Next: 64%
Magic:  3/3        EV: 10    Int:  8    God:    Trog [*.....]
Gold:   33         SH:  0    Dex: 10    Spells: 2/2 levels left

rFire   . . .        e - +0 war axe
rCold   . . .        (no shield)
rNeg    . . .        b - +1 animal skin
rPois   +            (helmet restricted)
rElec   .            (no cloak)
rCorr   +            (gloves unavailable)
SInv    .            (boots unavailable)
Will    ++...        (no amulet) Stlth
                     c - ring of resist corrosion
HPRegen 1.30/turn    j - ring of poison resistance
MPRegen 0.08/turn

%: no passive effects
@: berserking, strong-willed, regenerating, very quick
A: large, unfitting armour, tough skin 1
a: Renounce Religion, Berserk


You were on level 2 of the Dungeon.
You worshipped Trog.
Trog was aware of your devotion.
You visited 1 branch of the dungeon, and saw 2 of its levels.

You collected 33 gold pieces.

Inventory:

Hand Weapons
 e - a +0 war axe (weapon)
Armour
 b - a +1 animal skin (worn)
Jewellery
 c - a ring of resist corrosion (left hand)
 j - a ring of poison resistance (right hand)
Scrolls
 a - a scroll of butterflies {unknown}
 d - a scroll of fog {unknown}
 g - a scroll of teleportation
 i - a scroll of identify
Potions
 h - 2 potions of curing


   Skills:
 + Level 4.5 Fighting
 * Level 3.6 Axes
 * Level 3.3 Dodging


You had 2 spell levels left.
You didn't know any spells.
Your spell library was empty.

Dungeon Overview and Level Annotations

Branches:
Dungeon (2/15)

Altars:


Innate Abilities, Weirdness & Mutations

You are too large for most types of armour.
You have tough skin. (AC +1)


Message History

You are too injured to fight recklessly!
You are too injured to fight recklessly!
You are too injured to fight recklessly!
You are too injured to fight recklessly!
You are too injured to fight recklessly!
You are too injured to fight recklessly!
You are too injured to fight recklessly!
You are too injured to fight recklessly!
You are too injured to fight recklessly!
Unknown command.
Your skin crawls.
You feel strong-willed.
You can no longer call upon Trog for regeneration and willpower.
The gnoll barely misses you. The gnoll hits you with a +0 whip!
* * * LOW HITPOINT WARNING * * *
Unknown command.
The gnoll attacks as you move away! The gnoll completely misses you.
A red film seems to cover your vision as you go berserk!
You feel yourself moving faster!
You feel mighty! The gnoll barely misses you.
Unknown command.
You barely miss the gnoll.
The gnoll hits you from afar with a +0 spear.
* * * LOW HITPOINT WARNING * * *
The gnoll hits you with a +0 whip!
* * * LOW HITPOINT WARNING * * *
You barely miss the gnoll. The gnoll closely misses you.
The gnoll hits you with a +0 whip.
* * * LOW HITPOINT WARNING * * *
You hit the gnoll.
The gnoll is heavily wounded.
You slash the gnoll!
You kill the gnoll!
Trog accepts your kill. The gnoll closely misses you.
The gnoll hits you with a +0 spear.
* * * LOW HITPOINT WARNING * * *
Things that are here:
a +0 whip; a gnoll corpse You barely miss the gnoll.
The gnoll hits you with a +0 spear.
You die...

#. #..# #. ######### #..# #.
#.......# #..# #.
#.#####.######..### #.#####.
#.# #.#......... ........
#.# #....)....# ######## #.#
####.####'#### # ##
##.####...gg@......# #. .#
##>.......#####.....# #. .#
#...#..#.## #.....# ##. .#
#..###...## #.....# .'. .#
#.........## ####### #.
)###'#######..#### #.
).....#..........# #.#.# #
......#.#####.##.#######.#.#
......'.# #.##.#.....#.#.# #


You could see 2 gnolls.

Vanquished Creatures
  2 gnolls
  A worm (D:2)
  3 bats
  4 endoplasms
  A giant cockroach (D:1)
  2 hobgoblins
  A quokka (D:1)
  2 ball pythons (D:1)
  A frilled lizard (D:1)
  4 kobolds
  4 rats
25 creatures vanquished.

Notes
Turn   | Place    | Note
-------+----------+-------------------------------------------
     0 | D:1      | qeuew the Ogre Berserker began the quest for the Orb.
     0 | D:1      | Reached XP level 1. HP: 24/24 MP: 1/1
   349 | D:1      | Reached XP level 2. HP: 32/32 MP: 2/2
   790 | D:2      | Reached XP level 3. HP: 32/39 MP: 3/3
  1097 | D:2      | Reached ** piety under Trog
  1117 | D:2      | HP: 3/60 [gnoll/+0 spear (4)]
  1118 | D:2      | Slain by a gnoll

Illustrated notes

Levels and vault maps discovered:
D:1:      spicycebolla_arrival_ecumenical, layout_basic,
          chequers_serial_rivers_room_a
D:2:      layout_basic

Skill      XL: |  1  2 |
---------------+-------+-----
Dodging        | 3 |  3.3
Fighting       | |  4.5
Axes           | |  3.6

Action                     || total
---------------------------++-------
  Melee: Hand axe          ||    13
         War axe           ||    74
         Punch             ||     2
 Invoke: Berserk           ||     1
         Trog's Hand       ||     1
    Use: Scroll            ||     3
 Armour: Animal skin       ||    29
  Dodge: Dodged            ||    52
